 Dungeon Crawl Stone Soup version 0.23.0-3-gf3c87f2 (webtiles) character file.

Game seed: 14810958856956929198

134 DwarfTone the Digger (level 5, -1/35 HPs)
             Began as a Formicid Earth Elementalist on Feb 23, 2019.
             Slain by an orc
             ... wielding a cursed -2 trident
              (2 damage)
             ... on level 3 of the Dungeon.
             The game lasted 00:11:14 (2469 turns).

DwarfTone the Digger (Formicid Earth Elementalist)  Turns: 2469, Time: 00:11:14

Health: -1/35      AC:  3    Str: 12    XL:     5   Next: 40%
Magic:  5/8        EV: 12    Int: 16    God:
Gold:   124        SH:  0    Dex: 11    Spells: 4/8 levels left

rFire    . . .     SeeInvis +   k - +0 hand axe
rCold    . . .     Gourm    .   (no shield)
rNeg     . . .     Faith    .   c - +0 robe
rPois    .         Spirit   .   (helmet unavailable)
rElec    .         Reflect  .   n - +0 cloak
rCorr    .         Harm     .   (no gloves)
MR       .....                  (no boots)
Stlth    ++........             (no amulet)
HPRegen  0.11/turn              (no ring)
MPRegen  0.11/turn              (no ring)

@: no status effects
A: permanent stasis, dig shafts and tunnels, four strong arms, antennae 3
a: Dig, Shaft Self


You were on level 3 of the Dungeon.
You were hungry.

You visited 1 branch of the dungeon, and saw 3 of its levels.

You collected 124 gold pieces.

Inventory:

Hand Weapons
 k - a +0 hand axe (weapon)
Missiles
 m - 10 poisoned needles
Armour
 c - a +0 robe (worn)
 n - a +0 cloak (worn)
Jewellery
 r - an uncursed ring of poison resistance {unknown}
Wands
 u - a wand of paralysis (9)
Scrolls
 e - a scroll of noise {unknown}
 f - a scroll of identify {unknown}
 h - 2 scrolls of magic mapping
 j - a scroll of remove curse
 l - a scroll of fog {unknown}
 o - 2 scrolls of enchant weapon {unknown}
 q - a scroll of teleportation {unknown}
 t - a scroll of blinking {unknown}
Potions
 a - a potion of ambrosia {unknown}
 i - a potion of magic {unknown}
 p - a potion of brilliance {unknown}
 s - a potion of lignification {unknown}
 v - a potion of invisibility {unknown}
Comestibles
 d - 3 rations


   Skills:
 - Level 1.7 Dodging
 - Level 2.4 Stealth
 - Level 2.1 Spellcasting
   Level 1.1 Transmutations
 + Level 6.9 Earth Magic


You had 4 spell levels left.
You knew the following spells:

 Your Spells              Type           Power        Failure   Level  Hunger
a - Sandblast             Erth           ###...       1%          1    #......
b - Stone Arrow           Conj/Erth      ##....       14%         3    ###....

Your spell library contained the following spells:

 Spells                   Type           Power        Failure   Level  Hunger
 Passwall                 Tmut/Erth      ##......     6%          2    ###....
 Petrify                  Tmut/Erth      ##......     36%         4    #####..
 Lee's Rapid Deconstruct  Erth           ###.......   32%         5    ######.


Dungeon Overview and Level Annotations

Branches:
Dungeon (3/15)

Altars:
Dithmenos


Innate Abilities, Weirdness & Mutations

You cannot be hasted, slowed, berserked, paralysed or teleported.
You can dig through walls and to a lower floor.
Your four strong arms can wield two-handed weapons with a shield.
You have a pair of large antennae on your head. (SInv)


Message History

The orc hits you but does no damage.
There is a stone staircase leading up here.
The orc hits you from afar with a cursed -2 trident!
Okay, then.
Okay, then.
Okay, then.
As you read the scroll labeled TUSIT NONGE, it crumbles to dust.
You feel aware of your surroundings.
You sensed 1 altar.
It was a scroll of magic mapping.
The orc hits you with a +0 club.
* * * LOW HITPOINT WARNING * * *
Okay, then.
As you read the scroll labeled EPHUIQ JONIGG, it crumbles to dust.
You feel as if something is helping you.
It was a scroll of remove curse.
The orc wizard begins to cast a cantrip, but forgets the words!
The orc barely misses you. The orc hits you with a +0 club.
* * * LOW HITPOINT WARNING * * *
It was a potion of cancellation.
You feel magically purged.
The orc hits you from afar with a cursed -2 trident.
You die...

.>......#
.#####..##############
.....................#
.......o......[#####.#
.#####.#.####..#####.#
,****#.#†##.......##.#
,,,,,.<#.##.#..##....#
****####....<.o#####.######
,* #.....ooo@.........#
#******##################.#
#,,*,,*,,##.'..#...#*** #.#
#*,**,,,##[.##...###..*
#.#####
,*,,*,{##....#))##.#..*
#.....#
,**,,,##.....##....#..*
#####.#
,,*,,##.......#..###..##
#....#
#,,{##........##.#.#,..#
#.####
#,,##......#...#...###.#
#.#


You could see an orc wizard (invisible) and 3 orcs.

Vanquished Creatures
  4 adders
  An ooze (D:3)
  A worm (D:2)
  3 dart slugs
  3 leopard geckos
  3 orcs (D:3)
  8 bats
  2 giant cockroaches
  7 goblins
  8 hobgoblins
  11 jackals
  9 kobolds
  3 quokkas
  A ball python (D:2)
  2 frilled lizards (D:1)
  7 rats
73 creatures vanquished.

Notes
Turn   | Place    | Note
-------+----------+-------------------------------------------
     0 | D:1      | DwarfTone the Formicid Earth Elementalist began the quest
                  | for the Orb.
     0 | D:1      | Reached XP level 1. HP: 13/13 MP: 3/3
    25 | D:1      | Reached skill level 4 in Earth Magic
    87 | D:1      | Reached XP level 2. HP: 16/19 MP: 0/5
   481 | D:1      | Reached XP level 3. HP: 24/24 MP: 2/6
   639 | D:1      | Reached skill level 5 in Earth Magic
  1051 | D:2      | Found a shadowy altar of Dithmenos.
  1156 | D:2      | Reached XP level 4. HP: 30/30 MP: 7/7
  1161 | D:2      | Learned a level 3 spell: Stone Arrow
  1604 | D:2      | Reached skill level 6 in Earth Magic
  2032 | D:3      | Reached XP level 5. HP: 20/35 MP: 6/8
  2468 | D:3      | HP: 1/35 [orc/+0 club (6)]
  2469 | D:3      | Slain by an orc

Skill      XL: |  1  2  3  4 |
---------------+-------------+-----
Earth Magic    | 4 5 6 |  6.9
Dodging        | |  1.7
Stealth        | |  2.4
Spellcasting   | |  2.1
Transmutations | |  1.1

Action                   |  1- 3 |  4- 6 || total
-------------------------+-------+-------++-------
Melee: Unarmed           |    10 |       ||    10
       Hand axe          |     6 |    74 ||    80
       Club              |     1 |       ||     1
Throw: Stone             |    68 |    35 ||   103
 Cast: Sandblast         |    35 |    40 ||    75
       Stone Arrow       |       |     3 ||     3
 Abil: Dig               |     1 |       ||     1
  Use: Scroll            |       |     2 ||     2
       Potion            |       |     1 ||     1
  Eat: Ration            |     1 |       ||     1
       Chunk             |       |     3 ||     3
Armor: Robe              |     9 |    45 ||    54
Dodge: Dodged            |    35 |    68 ||   103
